 Dungeon Crawl Stone Soup version 0.20.1-1-g8b1a95d66d (webtiles) character file.

39 NullDivider the Digger (level 3, -1/21 HPs)
             Began as an Octopode Earth Elementalist on Nov 14, 2017.
             Slain by a jackal (2 damage)
             ... on level 2 of the Dungeon.
             The game lasted 00:06:59 (1494 turns).

NullDivider the Digger (OpEE)                       Turns: 1494, Time: 00:06:59

Health: -1/21      AC:  1    Str:  7    XL:     3   Next: 45%
Magic:  4/6        EV: 13    Int: 18    God:
Gold:   69         SH:  0    Dex: 12    Spells: 5/6 levels left

rFire    . . .     SeeInvis .   (no weapon)
rCold    . . .     Gourm    .   (no shield)
rNeg     . . .     Faith    .   (helmet restricted)
rPois    .         Spirit   .   (no amulet)
rElec    .         Reflect  .   (no ring)
rCorr    .         Harm     .   (no ring)
MR       .....                  (no ring)
Stlth    +++.......             (no ring)
Regen    0.1/turn               (no ring)
MPRegen  0.1/turn               (no ring)
                                (no ring)
                                (no ring)

@: very slightly contaminated
A: almost no armour, stealthy swim, amphibious, 8 rings, constrict 8, camouflage
1, gelatinous body 1
a: no special abilities


You were on level 2 of the Dungeon.
You were not hungry.

You visited 1 branch of the dungeon, and saw 2 of its levels.

You collected 69 gold pieces.

Inventory:

Missiles
 b - 69 stones (quivered)
Scrolls
 g - 2 scrolls of magic mapping {unknown}
 j - a scroll of remove curse {unknown}
Potions
 a - 2 potions of degeneration {unknown}
 e - a potion of heal wounds {unknown}
 f - a potion of curing {unknown}
 h - a potion of might {unknown}
 i - a potion of magic {unknown}
Books
 d - a book of Geomancy

   Spells                             Type                      Level
   a - Sandblast                      Earth                        1
   b - Passwall                       Transmutation/Earth          2
   c - Stone Arrow                    Conjuration/Earth            3
   d - Petrify                        Transmutation/Earth          4
   e - Lee's Rapid Deconstruction     Earth                        5
 l - a book of Maledictions

   Spells                             Type                      Level
   a - Corona                         Hexes                        1
   b - Ensorcelled Hibernation        Hexes/Ice                    2
   c - Confuse                        Hexes                        3
   d - Tukima's Dance                 Hexes                        3
   e - Dazzling Spray                 Conjuration/Hexes            3
Comestibles
 c - a bread ration
 k - 2 fruits
 m - 5 chunks of flesh


   Skills:
 + Level 2.4 Dodging
 + Level 3.4 Stealth
 + Level 0.6 Unarmed Combat
 + Level 2.1 Spellcasting
   Level 1.0 Transmutations
 + Level 3.5 Earth Magic


You had 5 spell levels left.
You knew the following spells:

 Your Spells              Type           Power        Failure   Level  Hunger
a - Sandblast             Erth           ##....       4%          1    #......


Dungeon Overview and Level Annotations

Branches:
Dungeon (2/15)

Altars:


Innate Abilities, Weirdness & Mutations

You cannot wear most types of armour.
You are very stealthy in the water. (Stealth+)
You are amphibious.
You can wear up to eight rings at the same time.
You can use your tentacles to constrict eight enemies at once.
Your skin changes colour to match your surroundings (Stealth+).
Your rubbery body absorbs attacks. (AC +1, EV +1)


Message History

You feel sick.
Casting: Sandblast
Confirm with . or Enter, or press ? or * to list all spells.
Aiming: Sandblast
Press: ? - help, Shift-Dir - straight line, f/p - jackal
Aim: a jackal You miscast Sandblast.
You are very lightly contaminated with residual magic.
The floor vibrates.
The jackal closely misses you.
You closely miss the jackal. You grab the jackal. You constrict the jackal.
You feel sick.
You are no longer poisoned.
The jackal closely misses you. The jackal bites you.
* * * LOW HITPOINT WARNING * * *
The jackal barely misses you. The jackal closely misses you.
The jackal barely misses you.
You tentacle-slap the jackal.
The jackal is heavily wounded.
You constrict the jackal. The jackal bites you.
You die...

.......#...............#
.......#...............#
.......#...............#
.......#.†.............#
.......#..........)....#
%....>#...............#
........####..........#
........####..........#
#.......rh@...........#
.).......hh...........#
................#######
................#
.......###...####
....... #...# ....###
#...# ... #####


You could see a quokka and 3 jackals.

Vanquished Creatures
  An adder (D:2)
  An ooze (D:2)
  A dart slug (D:1)
  6 bats
  A giant cockroach (D:1)
  4 goblins
  A hobgoblin (D:1)
  A ball python (D:1)
  A frilled lizard (D:1)
  3 kobolds
  A leopard gecko zombie (D:1)
  A quokka zombie (D:1)
  4 rats
26 creatures vanquished.

Notes
Turn   | Place    | Note
-------+----------+-------------------------------------------
     0 | D:1      | NullDivider the Octopode Earth Elementalist began the quest for the Orb.
     0 | D:1      | Reached XP level 1. HP: 11/11 MP: 3/3
   512 | D:1      | Reached XP level 2. HP: 17/17 MP: 5/5
  1427 | D:2      | Reached XP level 3. HP: 20/21 MP: 6/6
  1493 | D:2      | HP: 1/21 [jackal (3)]
  1494 | D:2      | Slain by a jackal

Skill      XL: |  1  2 |
---------------+-------+-----
Stealth        | 3 |  3.4
Dodging        | |  2.4
Unarmed Combat | |  0.6
Spellcasting   | |  2.1
Transmutations | |  1.0
Earth Magic    | |  3.5

Action                   || total
-------------------------++-------
Melee: Unarmed           ||    55
       Constrict         ||    18
       Tentacles         ||    11
 Cast: Sandblast         ||     7
 Stab: Sleeping          ||     8
  Eat: Chunk             ||     2
Armor: Skin              ||     3
Dodge: Dodged            ||    41
